 Dungeon Crawl Stone Soup version 0.23.0 (webtiles) character file.

Game seed: 16158664004844253843

164 HunterAntonescu the Poker (level 5, 0/42 HPs)
             Began as a Human Fighter on Feb 18, 2019.
             Slain by a gnoll
             ... wielding a +0 halberd
              (4 damage)
             ... on level 2 of the Dungeon.
             The game lasted 00:12:32 (1734 turns).

HunterAntonescu the Poker (Human Fighter)           Turns: 1734, Time: 00:12:32

Health: 0/42       AC:  9    Str: 17 (18) XL:     5   Next: 73%
Magic:  5/5        EV:  9    Int:  5 (8)  God:
Gold:   124        SH:  0    Dex: 10 (12) Spells: 4/4 levels left

rFire    . . .     SeeInvis .   a - +0 trident
rCold    . . .     Gourm    .   (no shield)
rNeg     . . .     Faith    .   b - +0 scale mail
rPois    .         Spirit   .   (no helmet)
rElec    .         Reflect  .   m - +0 cloak
rCorr    .         Harm     .   (no gloves)
MR       .....                  k - +0 pair of boots
Stlth    ..........             (no amulet)
HPRegen  0.14/turn              (no ring)
MPRegen  0.09/turn              (no ring)

@: no status effects
A: no striking features
a: no special abilities


You were on level 2 of the Dungeon.
You were not hungry.

You visited 1 branch of the dungeon, and saw 2 of its levels.

You collected 124 gold pieces.

Inventory:

Hand Weapons
 a - a +0 trident (weapon)
Armour
 b - a +0 scale mail (worn)
 k - a +0 pair of boots (worn)
 m - a +0 cloak (worn)
Jewellery
 l - an uncursed ring of magical power {unknown}
Scrolls
 c - a scroll of blinking {unknown}
 h - a scroll of remove curse
 i - a scroll of teleportation {unknown}
Potions
 d - a potion of might
 e - a potion of flight {unknown}
 g - a potion of lignification {unknown}
 j - a potion of degeneration
Comestibles
 f - 3 rations


   Skills:
 + Level 3.9 Fighting
 * Level 4.1 Polearms
 + Level 3.8 Armour
   Level 3.0 Shields


You had 4 spell levels left.
You didn't know any spells.
Your spell library was empty.

Dungeon Overview and Level Annotations

Branches:
Dungeon (2/15)

Altars:
Zin


Message History

The gnoll barely misses you. The gnoll hits you with a +0 whip.
You hit the gnoll.
You kill the gnoll!
The gnoll hits you with a +0 whip.
The gnoll hits you from afar with a +0 halberd!
You are too injured to fight recklessly!
You are too injured to fight recklessly!
You hit the gnoll.
The gnoll is heavily wounded.
The gnoll hits you with a +0 whip. The gnoll closely misses you.
The gnoll hits you with a +0 whip!
* * * LOW HITPOINT WARNING * * *
You closely miss the gnoll.
The gnoll is heavily wounded.
The gnoll barely misses you. The gnoll hits you with a +0 whip!
* * * LOW HITPOINT WARNING * * *
You puncture the gnoll!
You kill the gnoll!
The gnoll hits you from afar with a +0 halberd.
You die...

###.......#
......#.........
###.......#
.....#.......†......#
....[.....#
#....#....###†...##.#
..........#
#....#..#.#.#(#..## #
..........#
#.........#.#))...#
.........
#.....#.........#....
....... ..
##..g....##.##.....#.
...#.##
...#..))###.#...#.###...
.....#
......#@#..........(#.#.
...##
###....###.#...#.###. .
#.##
............##.##.....
..
###....#.#.........#.#
#......#.....#.#.....#
#.#....##..#.#.#.#.###
....... #....### . #
#.#.#.# #.##.. ## #...#.
......#


You could see a gnoll.

Vanquished Creatures
  Jessica (D:2)
  Robin (D:2)
  2 gnolls (D:2)
  3 adders (D:2)
  An ooze (D:2)
  3 worms (D:2)
  2 dart slugs
  A leopard gecko (D:1)
  3 giant cockroaches
  15 goblins
  7 hobgoblins
  2 quokkas (D:2)
  7 bats
  5 frilled lizards
  4 kobolds
  10 rats
67 creatures vanquished.

Notes
Turn   | Place    | Note
-------+----------+-------------------------------------------
     0 | D:1      | HunterAntonescu the Human Fighter began the quest for the
                  | Orb.
     0 | D:1      | Reached XP level 1. HP: 18/18 MP: 1/1
    98 | D:1      | Reached XP level 2. HP: 24/24 MP: 2/2
   263 | D:1      | Reached XP level 3. HP: 28/29 MP: 3/3
   690 | D:2      | Reached skill level 3 in Polearms
  1041 | D:2      | Reached XP level 4. HP: 29/35 MP: 4/4
  1108 | D:2      | Noticed Robin
  1131 | D:2      | Killed Robin
  1283 | D:2      | Found a glowing silver altar of Zin.
  1612 | D:2      | Noticed Jessica
  1620 | D:2      | Killed Jessica
  1620 | D:2      | Reached XP level 5. HP: 22/42 MP: 5/5
  1671 | D:2      | Reached skill level 4 in Polearms
  1734 | D:2      | Slain by a gnoll

Skill      XL: |  1  2  3  4  5 |
---------------+----------------+-----
Polearms       | 3 4 |  4.1
Fighting       | |  3.9
Armour         | |  3.8
Shields        | |  3.0

Action                   |  1- 3 |  4- 6 || total
-------------------------+-------+-------++-------
Melee: Trident           |   113 |   118 ||   231
  Use: Scroll            |       |     1 ||     1
       Potion            |       |     1 ||     1
 Stab: Distracted        |       |     1 ||     1
  Eat: Ration            |     1 |       ||     1
Armor: Scale mail        |    41 |    56 ||    97
       Chain mail        |       |    10 ||    10
Dodge: Dodged            |    49 |    60 ||   109
